 Dungeon Crawl Stone Soup version 0.16.1 (webtiles) character file.

107780 McCoppin the Peltast (level 16, -1/85 HPs)
             Began as a Vine Stalker Chaos Knight on Mar 23, 2015.
             Killed from afar by a raiju (11 damage)
             ... with a living lightning
             ... on level 1 of the Abyss.
             The game lasted 03:04:22 (29114 turns).

McCoppin the Peltast (Vine Stalker Chaos Knight)   Turns: 29114, Time: 03:04:22

Health: -1/85      AC: 26    Str: 18 (19) XL:     16   Next: 47%
Magic:  0/20       EV: 14    Int: 12      God:    Xom [...*..]
Gold:   807        SH: 14    Dex: 15      Spells: 1 memorised, 11 levels left

rFire  + + .     SeeInvis .     V - +5 morningstar
rCold  . . .     Clarity  +     n - +3 plate armour {MR+}
rNeg   + . .     SustAb   .     B - +0 shield
rPois  .         Gourm    .     c - +2 hat of the Bear Spirit {Spirit, +Rage rN+ MR++}
rElec  .         Spirit   +     G - +2 cloak
rCorr  .         Warding  .     f - +0 pair of gloves
rMut   .         Stasis   .     O - +2 pair of boots {run}
MR     +++++                    (no amulet)
Stlth  ..........               i - +5 ring of evasion
                                U - +3 ring of protection

@: very slightly contaminated, hasted (expiring), drained, very quick, almost
entirely resistant to hostile enchantments, extremely unstealthy
A: fangs 3, horns 1, blink 1, breathe flames 1, clarity, deformed body,
deterioration 1, fire resistance 2, regeneration 3, spit poison 1, weak 1, magic
shield, antimagic bite, no device heal 3, rot immunity
a: Spit Poison, Blink, Renounce Religion, Breathe Fire, Evoke Berserk Rage


You were on level 1 of the Abyss.
You worshipped Xom.
You were a favourite toy of Xom.
You were not hungry.

You visited 4 branches of the dungeon, and saw 28 of its levels.
You visited the Abyss 1 time.
You also visited: Ossuary.

You collected 3213 gold pieces.
You spent 2406 gold pieces at shops.

Inventory:

Hand weapons
 m - the +5 whip of Greed {flame, rPois MP+9 Int+6}
   (You found it on level 9 of the Dungeon)

   It has been specially enchanted to burn those struck by it, causing extra
   injury to most foes and up to half again as much damage against particularly
   susceptible opponents.
   It affects your intelligence (+6).
   It protects you from poison.
   It affects your magic capacity (+9).
 V - a +5 morningstar (weapon)
Missiles
 a - 18 javelins (quivered)
Armour
 c - the +2 hat of the Bear Spirit (worn) {Spirit, +Rage rN+ MR++}
   (You bought it in a shop on level 4 of the Orcish Mines)

   It protects you from negative energy.
   It affects your resistance to hostile enchantments.
   It lets you go berserk.
 f - a +0 pair of gloves (worn)
 n - a +3 plate armour of magic resistance (worn)
 B - a +0 shield (worn)
 G - a +2 cloak (worn)
 O - a +2 pair of boots of running (worn)
Jewellery
 i - a +5 ring of evasion (right hand)
 o - a +3 ring of dexterity
 w - an uncursed ring of protection from cold
 J - an uncursed ring of poison resistance
 T - an uncursed ring of see invisible
 U - a +3 ring of protection (left hand)
Magical devices
 b - a wand of lightning (1)
 e - a wand of draining (8)
 g - a wand of fireball (0)
 r - a wand of digging (11)
 H - a wand of disintegration (4)
 I - a wand of cold (4)
 N - a wand of fire (6)
 W - a wand of digging (15)
 Y - a wand of paralysis (19)
 Z - a wand of enslavement (17)
Scrolls
 l - 2 scrolls of fog
 t - 5 scrolls of magic mapping
 y - a scroll of silence {unknown}
 A - a scroll of torment
 C - 8 scrolls of remove curse
 E - a scroll of blinking
 L - 6 scrolls of recharging
 R - 3 scrolls of identify
 S - 3 scrolls of fear
Potions
 d - a potion of haste
 h - 2 potions of might
 j - a potion of berserk rage
 p - a potion of agility
 s - 3 potions of invisibility
 u - 2 potions of brilliance
 x - 2 potions of magic
 z - 4 potions of restore abilities
 D - 12 potions of curing
 P - 3 potions of resistance
 Q - 4 potions of flight
Books
 X - a book of Power

   Spells                             Type                      Level
   a - Fulminant Prism                Conjuration/Hexes            4
   b - Iskenderun's Mystic Blast      Conjuration                  4
   c - Venom Bolt                     Conjuration/Poison           5
   d - Bolt of Magma                  Conjuration/Fire/Earth       5
   e - Iron Shot                      Conjuration/Earth            6
   f - Orb of Destruction             Conjuration                  7
   g - Spellforged Servitor           Conjuration/Summoning        7
Miscellaneous
 q - a phial of floods
 v - a legendary deck of changes
Comestibles
 F - 7 fruits
 K - a meat ration
 M - 13 royal jellies


   Skills:
 - Level 10.2(10.1) Fighting
 + Level 13.9(13.8) Maces & Flails
 - Level 11.0(10.9) Armour
 + Level 7.2(7.1) Dodging
 - Level 15.0(14.9) Shields


You had 11 spell levels left.
You knew the following spells:

 Your Spells              Type           Power        Failure   Level  Hunger
a - Control Teleport      Chrm/Tloc      #.........   100%        4    #####..


Dungeon Overview and Level Annotations

Branches:
Dungeon (15/15)            Temple (0/1) D:6            Lair (8/8) D:11
  Swamp (1/5) Lair:5       Spider (0/5) Lair:3        Slime (0/6) Lair:8
    Orc (4/4) D:10            Elf (0/3) Orc:3        Vaults (0/5) D:14
 Depths (0/5) D:15

Altars:
Ashenzari
Dithmenos
Elyvilon
Qazlal
Ru
Sif Muna
Xom
The Shining One
Beogh

Shops:
D:7 *   D:13 *   D:15 *   Orc:3 [   Orc:4 *[[!(

Annotations:
Lair:8 1 exclusion
Orc:1 exclusion: door


Innate Abilities, Weirdness & Mutations

You have razor-sharp teeth.
You regenerate.
When hurt, damage is shared between your health and your magic reserves.
Your bite disrupts and absorbs the magic of your enemies.
Potions and wands cannot restore your health.
You are immune to rotting.
You have a pair of small horns on your head.
You can translocate small distances at will.
You can breathe flames.
You possess an exceptional clarity of mind.
Armour fits poorly on your strangely shaped body.
Your body is slowly deteriorating.
Your flesh is very heat resistant.
You can spit poison.
You are weak. (Str -2)


Message History

2 raiju come into view.
The raiju barks! x2
The raiju bursts into living lightning!
The living lightning hits the raiju.
The raiju completely resists.
The living lightning hits you!
The raiju blinks!
You hit the raiju.
The raiju is lightly wounded.
The raiju bursts into living lightning!
The living lightning hits you!
* * * LOW HITPOINT WARNING * * *
The raiju blinks!
The raiju bursts into living lightning!
The living lightning hits you!
* * * LOW HITPOINT WARNING * * *
The living lightning hits the raiju.
The raiju completely resists.
The raiju blinks! x2
Your extra speed is starting to run out.
The raiju bursts into living lightning!
The living lightning misses you. The living lightning hits you!
You die...

. h. .# #.##
##.#.#. #
###.....#
.##.......
.#.#..#... . .
#... #.#.### #
...###.@..# . #§.
# #.#..#.# § .
#..#..h.##..# . #
# #...h.# #.#
#..#..#.#.#.# .#
.
#.....#.§#...#...
. ..
.#..###.#.#.#.#..
# ## ##..#.#.#
..#
#....#.#....## .


You could see 2 raiju.

Vanquished Creatures
  An orc warlord (Orc:4)
  2 ghost moths
  A very ugly thing (Abyss:1)
  7 vault guards (D:14)
  9 hydras
  A yaktaur captain (D:15)
  Fannar (Lair:3)
  4 centaur warriors
  Nessos (D:11)
  2 catoblepae
  An ice dragon (Lair:3)
  6 alligators (Swamp:1)
  An ogre mage (D:15)
  A thrashing horror (Abyss:1)
  2 hell hogs (Abyss:1)
  An orc high priest (Orc:3)
  A swamp dragon (Swamp:1)
  6 hill giants
  4 orc knights
  A harpy (shapeshifter) (D:14)
  4 unseen horrors
  3 orc sorcerers
  7 ugly things
  A moth of wrath (shapeshifter) (D:11)
  2 griffons (Lair:7)
  2 manticores
  2 black mambas
  A rust devil (Lair:4)
  7 elephants
  A worldbinder (Abyss:1)
  A gargoyle (D:13)
  2 large abominations (Abyss:1)
  19 spiny frogs
  Psyche (D:11)
  An efreet (D:13)
  3 fire drakes
  6 komodo dragons
  2 tengu conjurers (D:15)
  A kobold demonologist (D:15)
  A spriggan druid (Lair:8)
  6 polar bears
  A freezing wraith (D:15)
  A queen bee (D:9)
  2 giant leeches
  7 trolls
  A polar bear (shapeshifter) (D:11)
  A fire vortex (D:13)
  2 two-headed ogres
  A baby alligator (shapeshifter) (D:13)
  A wind drake (D:14)
  3 ravens (D:15)
  A bog body (Swamp:1)
  A boulder beetle (Lair:7)
  6 blink frogs
  9 baby alligators
  2 raiju (Abyss:1)
  A slime creature (shapeshifter) (Lair:8)
  A vampire (D:15)
  11 spriggans
  A wraith (D:15)
  3 basilisks
  A ynoxinul (Abyss:1)
  6 redbacks (Lair:8)
  2 shadows
  56 yaks
  4 hungry ghosts
  10 hippogriffs
  16 wolves
  5 swamp worms (Swamp:1)
  7 vampire mosquitoes (Swamp:1)
  5 insubstantial wisps (Swamp:1)
  2 wargs
  7 small abominations (Abyss:1)
  A mottled dragon (D:15)
  A soldier ant (D:13)
  12 ogres
  2 swamp drakes (Swamp:1)
  12 porcupines
  36 orc warriors
  7 water moccasins
  8 centaurs
  10 black bears
  8 wasps
  8 necrophages
  2 phantoms
  A boring beetle (Lair:4)
  5 sky beasts
  8 ice beasts
  Sigmund (D:2)
  Duvessa (D:6)
  17 crocodiles
  A wyvern zombie (D:14)
  2 big kobolds (D:9)
  A brain worm (D:14)
  20 giant frogs
  A water moccasin zombie (D:7)
  A wyvern skeleton (D:14)
  12 scorpions
  3 electric eels
  10 wights
  13 crimson imps
  Dowan (D:6)
  32 killer bees
  2 goliath beetles
  12 hounds
  34 orc priests
  4 centaur zombies
  3 human zombies (Ossuary)
  A starcursed mass (Abyss:1)
  4 jellies
  A giant frog zombie (D:12)
  4 quasits
  2 giant frog skeletons
  6 centaur skeletons
  3 iron imps
  43 orc wizards
  7 hell rats (Lair:5)
  11 iguanas
  12 worker ants
  4 sheep
  Ijyb (D:2)
  A big kobold zombie (Ossuary)
  Terence (D:3)
  3 hound zombies
  A worker ant zombie (D:5)
  5 mummies
  3 gnolls (D:7)
  23 adders
  14 river rats
  A scorpion zombie (Ossuary)
  7 orc skeletons (Orc:4)
  5 shadow imps
  2 worms
  8 white imps
  A giant mite (D:1)
  5 ufetubi
  An adder zombie (D:8)
  2 adder skeletons
  3 giant geckos
  An ooze (D:3)
  181 orcs
  6 giant cockroaches
  2 gnoll zombies (Ossuary)
  31 goblins
  23 hobgoblins
  16 kobolds
  10 quokkas
  14 bats
  A goblin zombie (Ossuary)
  3 hobgoblin zombies (Ossuary)
  14 jackals
  A jackal skeleton (D:8)
  A kobold (shapeshifter) (D:1)
  A kobold zombie (Ossuary)
  7 orc zombies (Orc:4)
  13 rats
  7 ballistomycetes
  A starspawn tentacle (Abyss:1)
1113 creatures vanquished.

Vanquished Creatures (collateral kills)
  A vault guard (D:14)
  An ugly thing (D:11)
  An elephant (Lair:4)
  An orc sorcerer (Orc:4)
  A red devil (Abyss:1)
  A polar bear (Lair:8)
  3 spriggans (Lair:8)
  A warg (Orc:4)
  A necrophage (Lair:6)
  3 orc warriors
  A centaur (D:6)
  An orc wizard (Orc:4)
  An iron imp (Lair:4)
  An iguana (D:5)
  2 big kobold zombies (Ossuary)
  A scorpion zombie (Ossuary)
  2 adders
  7 orcs
  A bat (D:7)
  2 gnoll zombies (Ossuary)
  A hobgoblin zombie (Ossuary)
  A kobold (D:9)
  An orc zombie (Ossuary)
36 creatures vanquished.

Vanquished Creatures (others)
  A dancing weapon (Orc:4)
  An unseen horror (D:11)
  A fire vortex (D:13)
  An ice beast (Lair:3)
  A swamp drake (Swamp:1)
  A wight (Abyss:1)
  4 quasits
  3 crimson imps
  An iron imp (Lair:4)
  An orc (Orc:4)
  2 shadow imps (Lair:3)
  4 white imps
  A jackal (D:1)
  4 giant spores
  2 fungi (Lair:8)
  6 plants
  29 starspawn tentacles (Abyss:1)
  104 starspawn tentacle segments (Abyss:1)
167 creatures vanquished.

Grand Total: 1316 creatures vanquished

Notes
Turn   | Place    | Note
--------------------------------------------------------------
     0 | D:1      | McCoppin, the Vine Stalker Chaos Knight, began the quest for the Orb.
     0 | D:1      | Reached XP level 1. HP: 11/11 MP: 1/1
    58 | D:1      | XOM: butterfly on damage
    63 | D:1      | Reached skill level 3 in Maces & Flails
   106 | D:1      | Reached XP level 2. HP: 16/16 MP: 3/3
   509 | D:1      | XOM: harmless Divn miscast
   682 | D:2      | Reached XP level 3. HP: 14/19 MP: 2/4
   738 | D:2      | Reached skill level 4 in Maces & Flails
   858 | D:2      | Noticed Sigmund
   858 | D:2      | XOM: harmless Necr miscast
   871 | D:2      | Killed Sigmund
   871 | D:2      | Reached skill level 5 in Maces & Flails
   871 | D:2      | Reached XP level 4. HP: 14/23 MP: 3/5
   871 | D:2      | Reached XP level 5. HP: 16/27 MP: 4/7
  1028 | D:2      | Noticed Ijyb
  1064 | D:2      | Killed Ijyb
  1201 | D:2      | Found a shattered altar of Ashenzari.
  1384 | D:2      | XOM: harmless Pois miscast
  1574 | D:3      | XOM: silly message
  1675 | D:3      | Noticed Terence
  1680 | D:3      | Killed Terence
  1775 | D:3      | Found a stormy altar of Qazlal.
  1776 | D:3      | Noticed a hippogriff
  1855 | D:3      | Reached skill level 6 in Maces & Flails
  1855 | D:3      | Gained mutation: You heal very quickly. [vine stalker growth]
  1855 | D:3      | Reached XP level 6. HP: 32/32 MP: 8/8
  1951 | D:3      | Killed a hippogriff
  2070 | D:3      | XOM: cast spell 'Spider Form'
  2173 | D:3      | Reached skill level 7 in Maces & Flails
  2173 | D:3      | Reached XP level 7. HP: 21/35 MP: 6/9
  2485 | D:4      | XOM: summons friendly crimson imp
  3305 | D:5      | Entered Level 5 of the Dungeon
  3477 | D:5      | XOM: confuse monster(s)
  3490 | D:5      | XOM: polymorph kobold -> giant cockroach
  3651 | D:5      | Reached skill level 8 in Maces & Flails
  3668 | D:5      | XOM: summons friendly ufetubus
  3671 | D:5      | Gained mutation: You have razor-sharp teeth. [vine stalker growth]
  3671 | D:5      | Reached XP level 8. HP: 28/39 MP: 11/11
  3810 | D:5      | Found a glowing golden altar of the Shining One.
  3848 | D:5      | Found a sand-covered staircase.
  3857 | Ossuary  | Entered an ossuary
  3935 | Ossuary  | XOM: god gift: war axe {god gift}
  3952 | Ossuary  | XOM: summons friendly iron imp
  3964 | Ossuary  | Reached skill level 9 in Maces & Flails
  3978 | Ossuary  | XOM: polymorph iron imp -> quasit
  4092 | Ossuary  | XOM: smoke on damage
  4103 | Ossuary  | Reached skill level 10 in Maces & Flails
  4109 | Ossuary  | XOM: cast spell 'Metabolic Englaciation'
  4115 | Ossuary  | XOM: butterfly on damage
  4143 | Ossuary  | XOM: enchant monster (good)
  4149 | Ossuary  | XOM: god gift: metal-bound book {god gift}
  4178 | Ossuary  | XOM: god gift: orange potion
  4180 | Ossuary  | XOM: confuse monster(s)
  4206 | Ossuary  | Gained mutation: You are frail (-10% HP). [potion of mutation]
  4206 | Ossuary  | Gained mutation: You have a pair of small horns on your head. [potion of mutation]
  4206 | Ossuary  | Gained mutation: Your magical capacity is low (-10% MP). [potion of mutation]
  4560 | D:6      | Reached XP level 9. HP: 34/38 MP: 10/10
  4697 | D:6      | XOM: summons 2 friendly demons
  4723 | D:6      | Noticed Duvessa
  4730 | D:6      | Noticed Dowan
  4738 | D:6      | Killed Duvessa
  4744 | D:6      | Reached skill level 11 in Maces & Flails
  4750 | D:6      | Killed Dowan
  4962 | D:6      | XOM: summons 5 friendly demons
  5026 | D:6      | XOM: 8-stop teleportation journey
  5074 | D:6      | Found a staircase to the Ecumenical Temple.
  5400 | D:6      | Found a white marble altar of Elyvilon.
  5477 | D:7      | Found Unipn's Assorted Antiques.
  5495 | D:7      | XOM: summons friendly quasit
  5505 | D:7      | Reached skill level 12 in Maces & Flails
  5546 | D:7      | Bought a tapered copper wand for 108 gold pieces
  5546 | D:7      | Bought a scroll of identify for 54 gold pieces
  5546 | D:7      | Bought 2 bubbling yellow potions for 48 gold pieces
  5832 | D:7      | XOM: fog
  5838 | D:7      | Reached XP level 10. HP: 41/44 MP: 11/11
  5915 | D:8      | XOM: stealth player
  5962 | D:8      | XOM: butterfly on damage
  5987 | D:8      | XOM: god gift: 3 meat rations
  6014 | D:8      | XOM: divination: magic mapping
  6098 | D:8      | XOM: butterfly on damage
  6106 | D:8      | XOM: vitrification
  6121 | D:8      | Identified a +1 pair of boots of running (You found it on level 8 of the Dungeon)
  6197 | D:8      | XOM: summons friendly quasit
  6648 | D:9      | XOM: noise
  6679 | D:9      | XOM: cast spell 'Hydra Form'
  6699 | D:9      | Reached skill level 5 in Fighting
  6699 | D:9      | XOM: confusion (+ monsters)
  6700 | D:9      | XOM: confusion
  6703 | D:9      | XOM: divination: detect creatures
  6710 | D:9      | XOM: confusion
  6763 | D:9      | XOM: 2-stop teleportation journey
  6838 | D:9      | Reached skill level 5 in Armour
  6884 | D:9      | XOM: summons friendly white imp
  7145 | D:9      | XOM: smoke on damage
  7165 | D:9      | Noticed a centaur warrior
  7183 | D:9      | XOM: summons friendly iron imp
  7193 | D:9      | XOM: swap monsters
  7195 | D:9      | XOM: enchant monster (good)
  7199 | D:9      | Killed a centaur warrior
  7259 | D:9      | Reached XP level 11. HP: 22/52 MP: 13/13
  7501 | D:9      | XOM: god gift: arbalest {god gift}
  7583 | D:9      | Got a crystal whip
  7584 | D:9      | Identified the +5 whip of Greed {flame, rPois MP+9 Int+6} (You found it on level 9 of the Dungeon)
  7616 | D:10     | Entered Level 10 of the Dungeon
  7676 | D:10     | Found a staircase to the Orcish Mines.
  7821 | D:10     | XOM: confuse monster(s)
  7834 | D:10     | Killed an unseen horror
  8260 | D:10     | XOM: vitrification
  8308 | D:10     | XOM: summons 2 hostile demons
  8467 | D:11     | XOM: god gift: hunting sling {god gift}
  8646 | D:11     | XOM: give mutations
  8646 | D:11     | Gained mutation: You have large cloven feet. [Xom's grace]
  8646 | D:11     | Gained mutation: Your flesh is heat resistant. [Xom's grace]
  8646 | D:11     | Gained mutation: You possess an exceptional clarity of mind. [Xom's grace]
  8760 | D:11     | Found a staircase to the Lair.
  8822 | D:11     | Noticed Psyche
  8827 | D:11     | Killed Psyche
  8898 | D:11     | Noticed Nessos
  8901 | D:11     | Killed an unseen horror
  8914 | D:11     | Found a glowing golden altar of the Shining One.
  8920 | D:11     | Killed Nessos
  9073 | D:11     | XOM: 1-stop teleportation journey
  9201 | D:11     | XOM: cast spell 'Summon Ice Beast'
  9376 | D:11     | Found a sacrificial altar of Ru.
  9748 | Lair:1   | Entered Level 1 of the Lair of Beasts
  9856 | Lair:1   | XOM: enchant monster (good)
  9866 | Lair:1   | XOM: butterfly on damage
 10018 | Lair:1   | Gained mutation: You regenerate. [vine stalker growth]
 10018 | Lair:1   | Reached XP level 12. HP: 55/60 MP: 14/14
 10075 | Lair:1   | Noticed a seven-headed hydra
 10082 | Lair:1   | Killed a seven-headed hydra
 10179 | Lair:1   | XOM: polymorph yak -> basilisk
 10199 | Lair:1   | XOM: summons 3 friendly demons
 10243 | Lair:1   | XOM: harmless Tloc miscast
 10251 | Lair:1   | Reached skill level 10 in Fighting
 10489 | Lair:1   | XOM: smoke on damage
 10622 | Lair:1   | Noticed an eight-headed hydra
 10631 | Lair:1   | Killed an eight-headed hydra
 10671 | Lair:2   | XOM: stealth player
 10711 | Lair:2   | XOM: fake destruction
 10716 | Lair:2   | Reached skill level 1 in Shields
 10720 | Lair:2   | Noticed a five-headed hydra
 10733 | Lair:2   | Killed a five-headed hydra
 10918 | Lair:2   | XOM: give mutations
 10918 | Lair:2   | Lost mutation: You have large cloven feet. [Xom's mischief]
 10918 | Lair:2   | Lost mutation: Your magical capacity is low (-10% MP). [Xom's mischief]
 11149 | Lair:2   | Gained mutation: Armour fits poorly on your strangely shaped body. [potion of mutation]
 11149 | Lair:2   | Lost mutation: You are frail (-10% HP). [potion of mutation]
 11279 | Lair:2   | XOM: god gift: 22 gold pieces
 11335 | Lair:3   | Noticed Fannar
 11358 | Lair:3   | XOM: cast spell 'Summon Ice Beast'
 11364 | Lair:3   | XOM: summons friendly crimson imp
 11371 | Lair:3   | XOM: summons 8 friendly demons
 11374 | Lair:3   | XOM: enchant monster (good)
 11387 | Lair:3   | XOM: potion effect (might)
 11393 | Lair:3   | XOM: cast spell 'Dispersal'
 11406 | Lair:3   | Killed Fannar
 11413 | Lair:3   | Reached skill level 10 in Armour
 11532 | Lair:3   | Learned a level 4 spell: Control Teleport
 11550 | Lair:3   | XOM: divination: detect items
 11627 | Lair:3   | XOM: divination: magic mapping
 11743 | Lair:3   | Noticed an ice dragon
 11748 | Lair:3   | XOM: noise
 11749 | Lair:3   | XOM: potion effect (berserk rage)
 11750 | Lair:3   | XOM: confuse monster(s)
 11765 | Lair:3   | XOM: god gift: 10 gold pieces
 11776 | Lair:3   | Killed an ice dragon
 12142 | Lair:3   | Found a hole to the Spider Nest.
 12146 | Lair:3   | XOM: polymorph orb spider -> hippogriff
 12157 | Lair:3   | Reached skill level 5 in Shields
 12229 | Lair:3   | XOM: swap monsters
 12240 | Lair:3   | Reached XP level 13. HP: 72/72 MP: 17/17
 12267 | Lair:4   | XOM: summons friendly iron imp
 12298 | Lair:4   | XOM: confuse monster(s)
 12308 | Lair:4   | XOM: summons 11 friendly demons
 12312 | Lair:4   | XOM: mild Tloc miscast
 12439 | Lair:4   | XOM: swap monsters
 12446 | Lair:4   | XOM: divination: magic mapping
 12450 | Lair:4   | XOM: smoke on damage
 12454 | Lair:4   | XOM: 3-stop teleportation journey
 12459 | Lair:4   | Got a transparent shortbow
 12464 | Lair:4   | XOM: summons 6 hostile demons
 12634 | Lair:4   | Identified the +3 shortbow of Dried Tears {freeze, Str+3} (You found it on level 4 of the Lair of Beasts)
 12801 | Lair:4   | XOM: silly message
 13247 | Lair:4   | XOM: give mutation
 13247 | Lair:4   | Gained mutation: You are weak. (Str -2) [Xom's mischief]
 13305 | Lair:5   | XOM: enchant monster (bad)
 13324 | Lair:5   | XOM: swap monsters
 13373 | Lair:5   | XOM: harmless Erth miscast
 13405 | Lair:5   | Found a staircase to the Swamp.
 13485 | Lair:5   | XOM: divination: magic mapping
 13537 | Lair:5   | XOM: enchant monster (good)
 13733 | Lair:5   | XOM: medium Hex miscast
 13934 | Lair:5   | XOM: summons friendly white imp
 14099 | Lair:5   | XOM is BORED!
 14099 | Lair:5   | XOM: mild Divn miscast
 14125 | Lair:6   | XOM: summons 12 friendly demons
 14239 | Lair:6   | XOM: enchant monster (bad)
 14287 | Lair:6   | XOM: enchant monster (bad)
 14372 | Lair:6   | XOM: medium Chrm miscast
 14498 | Lair:6   | Identified a +2 rod of destruction (13/13) (You found it on level 6 of the Lair of Beasts)
 14741 | Lair:6   | XOM: mild Fire miscast
 14752 | Lair:6   | XOM: give mutations
 14752 | Lair:6   | Lost mutation: You are weak. (Str -2) [Xom's mischief]
 14752 | Lair:6   | Gained mutation: You occasionally shout uncontrollably at your foes. [Xom's mischief]
 14752 | Lair:6   | Gained mutation: Scrolls take you a little longer to read. [Xom's mischief]
 14752 | Lair:6   | Lost mutation: You occasionally shout uncontrollably at your foes. [Xom's mischief]
 14772 | Lair:6   | XOM: blink monster(s)
 14780 | Lair:6   | XOM: cast spell 'Ring of Flames'
 14816 | Lair:6   | XOM: vitrification
 14867 | Lair:6   | XOM: noise
 14882 | Lair:6   | XOM: cast spell 'Dispersal'
 14923 | Lair:6   | XOM: mild Pois miscast
 15250 | Lair:6   | XOM is BORED!
 15250 | Lair:6   | XOM: noise
 15330 | Lair:3   | XOM: mild Conj miscast
 15401 | Lair:2   | XOM: colour smoke trail
 15715 | Lair:6   | XOM: colour smoke trail
 15743 | Lair:7   | XOM: potion effect (brilliance)
 15750 | Lair:7   | XOM: divination: detect items
 16032 | Lair:7   | XOM: silly message
 16039 | Lair:7   | Reached skill level 10 in Shields
 16082 | Lair:7   | XOM: colour smoke trail
 16195 | Lair:7   | XOM: mild Hex miscast
 16417 | Lair:7   | XOM: potion effect (brilliance)
 16421 | Lair:7   | XOM: potion effect (brilliance)
 16442 | Lair:7   | Reached XP level 14. HP: 68/77 MP: 18/18
 16636 | Lair:7   | XOM: cast spell 'Blink'
 16719 | Lair:7   | XOM: cast spell 'Cause Fear'
 16773 | Lair:7   | XOM: harmless Erth miscast
 16827 | Lair:7   | XOM: harmless Ice miscast
 16895 | Lair:8   | Entered Level 8 of the Lair of Beasts
 17014 | Lair:8   | XOM: harmless Ice miscast
 17056 | Lair:8   | XOM: polymorph yak -> mana viper
 17120 | Lair:8   | XOM: harmless Conj miscast
 17228 | Lair:8   | XOM: 1-stop teleportation journey
 17296 | Lair:8   | Found a staircase to the Slime Pits.
 17296 | Lair:8   | XOM: 3-stop teleportation journey
 17355 | Lair:8   | XOM: confuse monster(s)
 17403 | Lair:8   | XOM: silly message
 17439 | Lair:8   | XOM: smoke on damage
 17577 | Lair:8   | XOM: give mutation
 17577 | Lair:8   | Gained mutation: Your body is slowly deteriorating. [Xom's mischief]
 17735 | Lair:8   | XOM: summons friendly rust devil
 17771 | Lair:8   | XOM: polymorph rust devil -> blue devil
 17942 | Lair:8   | XOM: noise
 18615 | Orc:1    | Entered Level 1 of the Orcish Mines
 18615 | Orc:1    | Found a roughly hewn altar of Beogh.
 18689 | Orc:1    | XOM: polymorph orc -> sheep
 18788 | Orc:1    | XOM: mild Trmt miscast
 18856 | Orc:2    | XOM: chaos upgrade
 18882 | Orc:2    | XOM: blink monster(s)
 18889 | Orc:2    | HP: 2/77 [orc knight/great mace (9)]
 18985 | Orc:2    | XOM: give mutations
 18985 | Orc:2    | Gained mutation: You can translocate small distances at will. [Xom's mischief]
 18985 | Orc:2    | Gained mutation: You are dopey. (Int -2) [Xom's mischief]
 18985 | Orc:2    | Lost mutation: You have a pair of small horns on your head. [Xom's mischief]
 19370 | Orc:1    | Found a deep blue altar of Sif Muna.
 19559 | Orc:3    | XOM: fog
 19599 | Orc:3    | XOM: noise
 19833 | Orc:3    | XOM: divination: detect items
 19917 | Orc:4    | Entered Level 4 of the Orcish Mines
 19972 | Orc:4    | XOM: swap monsters
 19976 | Orc:4    | Reached skill level 13 in Shields
 20162 | Orc:4    | Found a roughly hewn altar of Beogh.
 20269 | Orc:3    | Found a staircase to the Elven Halls.
 20269 | Orc:3    | Found Itaxaul's Antique Armour Shop.
 20354 | Orc:4    | Found a roughly hewn altar of Beogh.
 20395 | Orc:4    | Found a roughly hewn altar of Beogh.
 20460 | Orc:4    | Found Smaref's Distillery.
 20467 | Orc:4    | Bought a potion of haste for 140 gold pieces
 20467 | Orc:4    | Bought a potion of might for 56 gold pieces
 20467 | Orc:4    | Bought a potion of might for 56 gold pieces
 20481 | Orc:4    | Found a roughly hewn altar of Beogh.
 20499 | Orc:4    | XOM: give mutations
 20499 | Orc:4    | Lost mutation: You are dopey. (Int -2) [Xom's grace]
 20499 | Orc:4    | Gained mutation: Your mind is acute. (Int +2) [Xom's grace]
 20499 | Orc:4    | Gained mutation: You can spit poison. [Xom's grace]
 20499 | Orc:4    | Gained mutation: You have a pair of small horns on your head. [Xom's grace]
 20506 | Orc:4    | Found a roughly hewn altar of Beogh.
 20506 | Orc:4    | Found Twufaurph's Armour Boutique.
 20507 | Orc:4    | XOM: god gift: 20 gold pieces
 20890 | Orc:4    | XOM: cast spell 'Summon Butterflies'
 20965 | Orc:4    | XOM: enchant monster (bad)
 21004 | Orc:4    | Found a roughly hewn altar of Beogh.
 21031 | Orc:4    | Found Stule's General Store.
 21038 | Orc:4    | Bought the +2 hat of the Bear Spirit {Spirit, +Rage rN+ MR++} for 482 gold pieces
 21188 | Orc:4    | XOM: enchant monster (good)
 21279 | Orc:4    | XOM: noise
 21375 | Orc:4    | XOM: smoke on damage
 21377 | Orc:4    | XOM: enchant monster (good)
 21385 | Orc:4    | XOM: enchant monster (good)
 21393 | Orc:4    | XOM: cast spell 'Ring of Flames'
 21393 | Orc:4    | XOM: smoke on damage
 21395 | Orc:4    | XOM: summons 2 friendly demons
 21544 | Orc:4    | Noticed an orc warlord
 21651 | Orc:4    | XOM: cast spell 'Olgreb's Toxic Radiance'
 21666 | Orc:4    | XOM: chaos cloud
 21675 | Orc:4    | Killed an orc warlord
 21685 | Orc:4    | XOM: summons 7 hostile demons
 21746 | Orc:4    | Found a roughly hewn altar of Beogh.
 21747 | Orc:4    | Found Jussal's Antique Armour Shoppe.
 21749 | Orc:4    | Found Thryoboq's Antique Weapon Emporium.
 21762 | Orc:4    | Bought a glowing blowgun for 82 gold pieces
 21805 | Orc:4    | Bought a +3 plate armour of magic resistance for 630 gold pieces
 21914 | Orc:4    | XOM: silly message
 22008 | Orc:3    | Bought an encrusted leather armour for 175 gold pieces
 22010 | Orc:3    | Identified the +2 leather armour of the Turtle {rC- MR+ Str+3 Dex+2} (You bought it in a shop on level 3 of the Orcish Mines)
 22285 | Orc:2    | XOM: mild Pois miscast
 22322 | Orc:2    | XOM: silly message
 22356 | Orc:2    | Reached XP level 15. HP: 80/80 MP: 19/19
 22612 | Orc:4    | XOM: harmless Erth miscast
 22697 | D:12     | Found a shattered altar of Ashenzari.
 22797 | D:12     | Reached skill level 14 in Shields
 22837 | D:12     | XOM: enchant monster (bad)
 22847 | D:12     | Found a shadowy altar of Dithmenos.
 22876 | D:12     | XOM: harmless Air miscast
 23001 | D:12     | XOM: harmless Fire miscast
 23101 | D:12     | XOM: 3-stop teleportation journey
 23134 | D:12     | XOM: harmless Air miscast
 23148 | D:12     | Gained mutation: You are partially covered in thin metallic scales (AC +2). [mutagenic meat]
 23149 | D:12     | Lost mutation: Your mind is acute. (Int +2) [mutagenic meat]
 23152 | D:12     | Lost mutation: Scrolls take you a little longer to read. [mutagenic meat]
 23260 | D:12     | XOM: noise
 23311 | D:13     | XOM: mild Pois miscast
 23321 | D:13     | XOM: enchant monster (bad)
 23336 | D:13     | Lost mutation: You are partially covered in thin metallic scales (AC +2). [mutagenic meat]
 23520 | D:13     | Found Thois' Assorted Antiques.
 23525 | D:13     | Bought a heavily runed chain mail for 209 gold pieces
 23525 | D:13     | Bought a scroll labeled THREDGHA PNAD for 22 gold pieces
 23525 | D:13     | Bought a scroll of blinking for 165 gold pieces
 23525 | D:13     | Identified the cursed -1 chain mail of Awe {rN+ MR+ Int-3 SInv} (You bought it in a shop on level 13 of the Dungeon)
 23528 | D:13     | Bought a dazzling leather armour for 154 gold pieces
 23528 | D:13     | Identified the cursed -5 leather armour of the Present {rCorr Dex+6} (You bought it in a shop on level 13 of the Dungeon)
 23536 | D:13     | XOM: mild Fire miscast
 23579 | D:13     | XOM: scenery: create altars
 23857 | D:13     | XOM: enchant monster (bad)
 23885 | D:13     | Reached skill level 15 in Shields
 23940 | D:13     | Reached skill level 1 in Dodging
 24068 | D:13     | XOM: colour smoke trail
 24177 | D:14     | Found a gate to the Vaults.
 24214 | D:14     | XOM: confuse monster(s)
 24232 | D:14     | XOM: confuse monster(s)
 24237 | D:14     | XOM: harmless Chrm miscast
 24241 | D:14     | XOM: confuse monster(s)
 24254 | D:14     | XOM: cast spell 'Cause Fear'
 24255 | D:14     | XOM: swap monsters
 24346 | D:14     | XOM: god gift: 13 royal jellies
 24522 | D:14     | Got a brightly glowing morningstar
 24523 | D:14     | Identified the cursed +1 morningstar of Schen Uha {venom, +Inv Int+5} (You found it on level 14 of the Dungeon)
 24597 | D:14     | XOM: polymorph cyclops -> wind drake
 24600 | D:14     | XOM: confuse monster(s)
 24655 | D:14     | Gained mutation: Your flesh is very heat resistant. [potion of mutation]
 24655 | D:14     | Gained mutation: You are weak. (Str -2) [potion of mutation]
 24656 | D:14     | Gained mutation: You can breathe flames. [potion of mutation]
 24682 | D:14     | Found a shadowy altar of Dithmenos.
 25057 | D:14     | XOM: scenery: 2 doors open, 2 doors close
 25092 | D:14     | XOM: scenery: 2 doors close
 25105 | D:15     | Entered Level 15 of the Dungeon
 25203 | D:15     | XOM: summons friendly crimson imp
 25216 | D:15     | XOM: potion effect (berserk rage)
 25233 | D:15     | Found a staircase to the Depths.
 25320 | D:15     | XOM: mild Ice miscast
 25334 | D:15     | XOM: harmless Pois miscast
 25336 | D:15     | XOM: divination: detect creatures
 25357 | D:15     | Got a blackened leather armour
 25358 | D:15     | Identified the +0 leather armour of the Armadillo {+Fly rC+ Int-3 Dex-2 Stlth+} (You found it on level 15 of the Dungeon)
 25385 | D:15     | XOM: mild Erth miscast
 25393 | D:15     | XOM: destruction
 25432 | D:15     | XOM: fake destruction
 25643 | D:15     | Found Ghopp's Assorted Antiques.
 25656 | D:15     | XOM: vitrification
 25658 | D:15     | Bought a sedimented sapphire potion for 25 gold pieces
 25677 | D:15     | XOM: god gift: 9 stones
 25679 | D:15     | XOM: divination: magic mapping
 25689 | D:15     | XOM: potion effect (brilliance)
 25692 | D:15     | XOM: summons friendly white imp
 25705 | D:15     | XOM: summons friendly shadow imp
 25789 | D:15     | XOM: cast spell 'Olgreb's Toxic Radiance'
 25794 | D:15     | XOM: enchant monster (good)
 25801 | D:15     | XOM: polymorph brown ugly thing -> something unseen
 25821 | D:15     | Reached skill level 5 in Dodging
 25862 | D:15     | XOM: stat loss: -1 Str (17/18)
 25916 | D:15     | XOM: mild Summ miscast
 25948 | D:15     | XOM: noise
 25954 | D:15     | Reached XP level 16. HP: 62/85 MP: 20/20
 26229 | D:15     | XOM: summons 8 hostile demons
 26646 | Lair:2   | XOM: chaos cloud
 26792 | Swamp:1  | Entered Level 1 of the Swamp
 26888 | Swamp:1  | XOM: confuse monster(s)
 26952 | Swamp:1  | Found a shattered altar of Ashenzari.
 27050 | Swamp:1  | XOM: confuse monster(s)
 27072 | Swamp:1  | XOM: silly message
 27080 | Swamp:1  | XOM: swap weapons
 27085 | Swamp:1  | XOM: harmless Pois miscast
 27152 | Swamp:1  | Got a shimmering leather armour
 27164 | Swamp:1  | Identified the +2 leather armour of Dostoah {rCorr Str-4 Int+3 SInv} (You found it on level 1 of the Swamp)
 27167 | Swamp:1  | XOM: silly message
 27254 | Swamp:1  | XOM: blink monster(s)
 27257 | Swamp:1  | XOM: fog
 27266 | Swamp:1  | XOM: harmless Necr miscast
 27401 | Swamp:1  | XOM: polymorph alligator -> something unseen
 27680 | Swamp:1  | XOM: colour smoke trail
 27687 | Swamp:1  | XOM: medium Tloc miscast
 27687 | Swamp:1  | Cast into the Abyss (the capriciousness of Xom)
 27690 | Abyss:1  | Found a corrupted altar of Lugonu.
 27735 | Abyss:1  | XOM: polymorph ufetubus -> shadow imp
 27752 | Abyss:1  | XOM: cast spell 'Confusing Touch'
 27767 | Abyss:1  | XOM: fog
 27848 | Abyss:1  | XOM: confuse monster(s)
 27854 | Abyss:1  | Noticed a tentacled monstrosity
 27936 | Abyss:1  | Found a corrupted altar of Lugonu.
 27984 | Abyss:1  | Noticed a tentacled starspawn
 28006 | Abyss:1  | XOM: polymorph hell hog -> rakshasa
 28007 | Abyss:1  | XOM: divination: detect items
 28010 | Abyss:1  | XOM: fog
 28019 | Abyss:1  | XOM: confuse monster(s)
 28215 | Abyss:1  | Noticed a tentacled starspawn
 28248 | Abyss:1  | XOM: silly message
 28274 | Abyss:1  | XOM: summons friendly quasit
 28281 | Abyss:1  | XOM: divination: detect items
 28292 | Abyss:1  | XOM: enchant monster (good)
 28299 | Abyss:1  | XOM: confuse monster(s)
 28435 | Abyss:1  | XOM: god gift: scroll of teleportation
 28451 | Abyss:1  | Noticed a tentacled starspawn
 28467 | Abyss:1  | XOM: noise
 28630 | Abyss:1  | Noticed a tentacled starspawn
 28811 | Abyss:1  | Paralysed by accursed screaming for 1 turns
 28841 | Abyss:1  | Found a corrupted altar of Lugonu.
 28885 | Abyss:1  | XOM: cast spell 'Blink'
 28889 | Abyss:1  | Noticed a tentacled starspawn
 28893 | Abyss:1  | XOM: divination: detect items
 29012 | Abyss:1  | Noticed an ancient lich
 29013 | Abyss:1  | XOM: cast spell 'Cause Fear'
 29114 | Abyss:1  | Killed from afar by a raiju

Action                   |  1- 3 |  4- 6 |  7- 9 | 10-12 | 13-15 | 16-18 || total
-------------------------+-------+-------+-------+-------+-------+-------++-------
Melee: Mace              |    66 |       |       |       |       |       ||    66
       Flail             |    18 |   147 |   544 |   343 |       |       ||  1052
       Unarmed           |       |     5 |       |    10 |       |       ||    15
       Morningstar       |       |       |       |    14 |    34 |   176 ||   224
       Whip              |       |       |       |   465 |  2907 |   342 ||  3714
       Spear             |       |       |       |       |       |    27 ||    27
 Abil: Blink             |       |       |       |       |     1 |     9 ||    10
       Spit Poison       |       |       |       |       |     1 |       ||     1
Evoke: Wand              |       |    10 |       |     9 |    10 |       ||    29
       Rod               |       |       |       |       |     1 |       ||     1
  Use: Scroll            |     4 |     2 |    10 |    12 |    18 |    13 ||    59
       Potion            |     1 |       |     6 |     4 |     8 |     2 ||    21
 Stab: Paralysed         |     2 |       |       |     6 |     1 |       ||     9
       Sleeping          |     2 |     4 |     1 |       |       |       ||     7
       Distracted        |       |       |     6 |     1 |     3 |       ||    10
       Confused          |       |       |     1 |     2 |    22 |     2 ||    27
       Petrifying        |       |       |       |       |     2 |       ||     2
       Invisible         |       |       |       |       |     5 |     2 ||     7
       Fleeing           |       |       |       |       |     8 |       ||     8
       Petrified         |       |       |       |       |     1 |       ||     1
  Eat: Fruit             |       |     1 |     2 |     3 |     1 |     1 ||     8
       Bread ration      |       |     1 |     1 |     1 |     2 |       ||     5
       Meat ration       |       |       |     1 |       |     2 |       ||     3
       Royal jelly       |       |       |     1 |       |     8 |     1 ||    10
       Beef jerky        |       |       |       |     2 |       |       ||     2
       Chunk             |       |       |       |     7 |    24 |       ||    31
       Pizza             |       |       |       |       |     1 |     2 ||     3
